 Dungeon Crawl Stone Soup version 0.25-a0-94-g9e23508adf (webtiles) character file.

Game seed: 10660133005764337867, levelgen mode: deterministic

160406 MordorOrchid the Fighter (level 17, -4/140 HPs)
             Began as a Gnoll Wanderer on Nov 11, 2019.
             Was an Elder of Sif Muna.
             Slain by Frances
             ... wielding a +6 hand axe of electrocution
              (14 damage)
             ... on level 13 of the Dungeon on Nov 13, 2019.
             The game lasted 03:16:42 (19258 turns).

MordorOrchid the Fighter (Gnoll Wanderer)          Turns: 19258, Time: 03:16:43

Health: -4/140     AC: 25    Str: 16    XL:     17   Next: 46%
Magic:  19/32      EV: 20    Int: 22    God:    Sif Muna [****..]
Gold:   652        SH:  0    Dex: 21    Spells: 4/39 levels left

rFire    + . .     SeeInvis .   p - +10 glaive "Jaat" {chop, *Corrode rC+ Str+3}
rCold    + . .     Gourm    .   (shield currently unavailable)
rNeg     . . .     Faith    .   S - +4 swamp dragon scales
rPois    +         Spirit   .   K - +2 helmet {Int+3}
rElec    .         Reflect  .   O - +0 cloak "Ogifawn" {rCorr Dex+2 Stlth+} (curse)
rCorr    +         Harm     .   y - +2 pair of gloves
MR       +....                  A - +1 pair of boots
Stlth    ++........             u - amulet of rage
HPRegen  0.33/turn              V - +4 ring of protection
MPRegen  0.23/turn              Z - ring of protection from fire

@: confused, lethally poisoned (-4 -> -16), corroded, studying Earth Magic,
lightly drained
A: distributed training, fangs 1, strong nose
}: 1/15 runes: decaying
a: Channel Magic, Forget Spell, Divine Exegesis, Renounce Religion, Evoke
Berserk Rage


You were on level 13 of the Dungeon.
You worshipped Sif Muna.
Sif Muna was greatly pleased with you.
You were not hungry.

You visited 5 branches of the dungeon, and saw 28 of its levels.
You also visited: Volcano.

You collected 3167 gold pieces.
You spent 2515 gold pieces at shops.

Inventory:

Hand Weapons
 p - the +10 glaive "Jaat" (weapon) {chop, *Corrode rC+ Str+3}
   (You found it on level 7 of the Dungeon)

   It inflicts extra damage upon your enemies.
   It affects your strength (+3).
   It protects you from cold.
   It may corrode you when you take damage.
 r - a +6 executioner's axe of electrocution
Missiles
 j - 4 datura-tipped darts
 o - 4 throwing nets
 E - 19 boomerangs (quivered)
 H - 9 javelins
 Y - 8 atropa-tipped darts
Armour
 y - a +2 pair of gloves (worn)
 A - a +1 pair of boots (worn)
 K - a +2 helmet of intelligence (worn)
 O - the cursed +0 cloak "Ogifawn" (worn) {rCorr Dex+2 Stlth+}
   (You found it on level 9 of the Dungeon)

   It affects your dexterity (+2).
   It provides partial protection from all sources of acid and corrosion.
   It makes you more stealthy.
   It has a curse placed upon it.
 S - +4 swamp dragon scales (worn)
Magical Staves
 z - an uncursed staff of wizardry
Jewellery
 u - an amulet of rage (around neck)
 L - an uncursed ring of ice
 V - a +4 ring of protection (left hand)
 Z - a ring of protection from fire (right hand)
Wands
 c - a wand of acid (23)
 k - a wand of iceblast (42)
 m - a wand of digging (8)
 G - a wand of paralysis (1)
 J - a wand of enslavement (7)
 M - a wand of polymorph (17)
 N - a wand of clouds (6)
Scrolls
 a - 8 scrolls of magic mapping
 g - 3 scrolls of summoning
 i - 3 scrolls of remove curse
 t - 5 scrolls of fog
 w - 4 scrolls of blinking
 x - 6 scrolls of immolation
 I - 9 scrolls of fear
 Q - 9 scrolls of identify
 U - 11 scrolls of teleportation
Potions
 d - a potion of berserk rage
 e - 6 potions of heal wounds
 h - 3 potions of agility
 l - 6 potions of might
 n - 2 potions of resistance
 q - 9 potions of curing
 s - 2 potions of magic
 C - 4 potions of invisibility
 D - 4 potions of haste
 X - 2 potions of ambrosia
Books
 B - a manual of Earth Magic
Miscellaneous
 R - 2 sacks of spiders
 T - a lamp of fire
 W - a phial of floods
Comestibles
 b - 2 chunks of flesh
 f - 50 rations


   Skills:
 + Level 14.7(14.2) Fighting
 + Level 11.3(10.9) Short Blades
 + Level 11.3(10.9) Long Blades
 + Level 11.3(10.9) Axes
 + Level 11.3(10.9) Maces & Flails
 + Level 11.3(10.9) Polearms
 + Level 11.3(10.9) Staves
 + Level 11.3(10.9) Slings
 + Level 11.3(10.9) Bows
 + Level 11.3(10.9) Crossbows
 + Level 11.6(11.2) Throwing
 + Level 11.3(10.9) Armour
 + Level 11.3(10.9) Dodging
 + Level 11.3(10.9) Stealth
 + Level 11.6(11.2) Shields
 + Level 11.3(10.9) Unarmed Combat
 + Level 11.7(11.2) Spellcasting
 + Level 9.7(9.3) Conjurations
 + Level 9.7(9.3) Hexes
 + Level 9.7(9.3) Charms
 + Level 9.9(9.5) Summonings
 + Level 9.7(9.3) Necromancy
 + Level 9.7(9.3) Translocations
 + Level 9.9(9.5) Transmutations
 + Level 9.7(9.3) Fire Magic
 + Level 9.7(9.3) Ice Magic
 + Level 9.7(9.3) Air Magic
 + Level 11.5(11.1) Earth Magic
 + Level 9.7(9.3) Poison Magic
 + Level 12.2(11.8) Invocations
 + Level 11.3(10.9) Evocations


You had 4 spell levels left.
You knew the following spells:

 Your Spells              Type           Power        Failure   Level  Hunger
a - Conjure Flame         Conj/Fire      ######..     1%          3    None
c - Confuse               Hex            ######..     1%          3    None
d - Tukima's Dance        Hex            ######..     1%          3    None
e - Spectral Weapon       Hex/Chrm       ######..     1%          3    None
g - Mephitic Cloud        Conj/Pois/Air  ######..     1%          3    None
k - Regeneration          Chrm/Necr      ######....   1%          3    None
p - Airstrike             Air            ######....   1%          4    #......
s - Summon Forest         Summ/Tloc      ######....   4%          5    ####...
u - Animate Skeleton      Necr           N/A          1%          1    None
x - Blink                 Tloc           N/A          1%          2    None
E - Borgnjor's Vile Clut  Necr/Erth      ######....   3%          5    ####...

Your spell library contained the following spells:

 Spells                   Type           Power        Failure   Level  Hunger
 Confusing Touch          Hex            ######       1%          1    None
 Corona                   Hex            ######.      1%          1    None
 Freeze                   Ice            ####         1%          1    None
 Magic Dart               Conj           ####         1%          1    None
 Pain                     Necr           ####         1%          1    None
 Shock                    Conj/Air       ####         1%          1    None
 Sting                    Conj/Pois      ####         1%          1    None
 Summon Butterflies       Summ           ######..     1%          1    None
 Summon Small Mammal      Summ           ####         1%          1    None
 Call Imp                 Summ           ######..     1%          2    None
 Corpse Rot               Necr           N/A          1%          2    None
 Ensorcelled Hibernation  Hex/Ice        ######       1%          2    None
 Searing Ray              Conj           ######       1%          2    None
 Shroud of Golubria       Chrm/Tloc      ######       1%          2    None
 Slow                     Hex            ######..     1%          2    None
 Song of Slaying          Chrm           ######..     1%          2    None
 Swiftness                Chrm/Air       ######..     1%          2    None
 Throw Frost              Conj/Ice       ######       1%          2    None
 Dazzling Spray           Conj/Hex       ######       1%          3    None
 Gell's Gravitas          Tloc           ######....   1%          3    None
 Ignite Poison            Fire/Tmut/Pois ######..     1%          3    None
 Inner Flame              Hex/Fire       ######..     1%          3    None
 Ozocubu's Armour         Chrm/Ice       ######..     1%          3    None
 Portal Projectile        Hex/Tloc       ######       1%          3    None
 Recall                   Summ/Tloc      N/A          1%          3    None
 Static Discharge         Conj/Air       ######..     1%          3    None
 Summon Guardian Golem    Hex/Summ       ######..     1%          3    None
 Vampiric Draining        Necr           ######....   1%          3    None
 Cause Fear               Hex            ######....   1%          4    #......
 Force Lance              Conj/Tloc      ######..     1%          4    #......
 Fulminant Prism          Conj/Hex       ######....   1%          4    #......
 Iskenderun's Mystic Bla  Conj           ######..     1%          4    #......
 Leda's Liquefaction      Hex/Erth       ######....   1%          4    #......
 Olgreb's Toxic Radiance  Pois           ######..     1%          4    #......
 Petrify                  Tmut/Erth      ######..     1%          4    #......
 Summon Ice Beast         Ice/Summ       ######..     1%          4    #......
 Throw Icicle             Conj/Ice       ######..     1%          4    #......
 Alistair's Intoxication  Tmut/Pois      ######..     4%          5    ####...
 Blade Hands              Tmut           ######....   4%          5    ####...
 Bolt of Magma            Conj/Fire/Erth ######....   4%          5    ####...
 Summon Demon             Summ           ######....   4%          5    ####...
 Yara's Violent Unravell  Hex/Tmut       ######....   4%          5    ####...
 Bolt of Draining         Conj/Necr      ######....   5%          5    ####...
 Dispel Undead            Necr           ######..     5%          5    ####...
 Excruciating Wounds      Chrm/Necr      ######....   5%          5    ####...
 Iskenderun's Battlesphe  Conj/Chrm      ######..     5%          5    ####...
 Lightning Bolt           Conj/Air       ######....   5%          5    ####...
 Metabolic Englaciation   Hex/Ice        ######....   5%          5    ####...
 Silence                  Hex/Air        ######....   5%          5    ####...
 Venom Bolt               Conj/Pois      ######....   5%          5    ####...
 Deflect Missiles         Chrm/Air       ######....   28%         6    ######.
 Poison Arrow             Conj/Pois      ######....   28%         6    ######.
 Summon Greater Demon     Summ           ######....   82%         7    #######
 Summon Hydra             Summ           ######....   82%         7    #######
 Malign Gateway           Summ/Tloc      ######....   83%         7    #######
 Borgnjor's Revivificati  Necr           ######....   100%        8    #######
 Death's Door             Chrm/Necr      ######....   100%        8    #######
 Discord                  Hex            ######....   100%        8    #######
 Fire Storm               Conj/Fire      ######....   100%        9    #######


Dungeon Overview and Level Annotations

Branches:
Dungeon (15/15)            Temple (1/1) D:5            Lair (6/6) D:11
  Swamp (4/4) Lair:2       Spider (0/4) Lair:4        Slime (0/5) Lair:5
    Orc (2/2) D:10            Elf (0/3) Orc:2        Vaults (0/5) D:14
Volcano (visited)
 Depths: D:15

Altars:
Ashenzari
Cheibriados
Dithmenos
Elyvilon
Fedhas
Gozag
Hepliaklqana
Kikubaaqudgha
Makhleb
Nemelex Xobeh
Okawaru
Qazlal
Ru
Sif Muna
Trog
Uskayaw
Vehumet
Wu Jian
Xom
Yredelemnul
Zin
The Shining One
Beogh
Jiyva

Shops:
D:6 *   D:13 =   D:15 :[   Orc:1 }   Orc:2 ?*(?

Annotations:
D:13 Frances
Lair:5 1 runed translucent door


Innate Abilities, Weirdness & Mutations

Your experience applies equally to all skills.
You have very sharp teeth.
Your uncanny sense of smell can sniff out nearby items.


Message History

Your corrosive artefact corrodes you!
You see here 2 poisoned darts.
You closely miss Frances.
Frances is almost dead.
You feel sick.
The centaur seems less confused.
The centaur wields a +0 shortbow.
The centaur shoots an arrow.
The arrow hits you.
* * * LOW HITPOINT WARNING * * *
Frances whispers indecipherable words.
The shard of ice hits you!! You partially resist.
* * * LOW HITPOINT WARNING * * *
The centaur shoots an arrow.
You hear some strange, mumbled words.
You are confused.
You hit Frances.
Frances is almost dead.
* * * LOW HITPOINT WARNING * * *
You feel sick.
Frances hits you with a +6 hand axe of electrocution!
You die...

..
......................
..
........#########......
..
.......................
..
...............(.......
..
........(..............
..
############...........
.. ########...........
.. ...(...............
.. ........@(^........
## .......@○##########
# ........c{..a.. ...
........z.c.... ###
...............
#######............####
....................
.....................
.......(.......#######


You could see Frances, a skeletal warrior and 2 centaurs.

Vanquished Creatures
  the Lernaean hydra (Swamp:4)
  Rupert (D:14)
  Gastronok (Lair:3)
  A sphinx (D:11)
  Kirke (Swamp:1)
  Louise (Swamp:3)
  Aizul (Swamp:1)
  2 stone giants
  Azrael (D:12)
  An ettin (Orc:2)
  A fire dragon (Lair:6)
  Josephine (D:13)
  24 hydras
  2 ghost crabs (Swamp:4)
  A catoblepas (shapeshifter) (D:11)
  A shambling mangrove (Swamp:1)
  Erica (Orc:1)
  3 centaur warriors
  3 death yaks
  2 two-headed ogres
  The ghost of Titania the Grappler, a novice DrTm of Makhleb (D:9)
  5 alligators
  A deep troll earth mage (D:11)
  7 orc high priests (Orc:2)
  Nergalle (D:10)
  3 unseen horrors
  6 swamp dragons
  Pikel (D:4)
  A necromancer (Lair:3)
  2 orc knights
  6 cyclopes
  14 ugly things
  2 manticores
  2 deep elf magi
  An orc sorcerer (Orc:2)
  A black mamba (shapeshifter) (D:15)
  4 black mambas
  4 torpor snails (Lair:6)
  12 spiny frogs
  2 molten gargoyles (Volcano)
  Psyche (D:10)
  A water nymph (shapeshifter) (D:14)
  2 gargoyles
  3 rime drakes
  9 komodo dragons
  A yaktaur (D:14)
  An efreet (Volcano)
  10 polar bears
  Grinder (D:6)
  5 tyrant leeches
  7 trolls
  6 hornets
  Prince Ribbit (Lair:3)
  13 slime creatures
  8 hippogriffs
  6 bog bodies (Swamp:4)
  5 dream sheep
  10 blink frogs
  2 raiju (Lair:6)
  A centaur simulacrum (D:15)
  A shadow (Swamp:1)
  A vampire (D:11)
  A wyvern (D:15)
  54 yaks
  4 spriggans
  4 wraiths
  2 basilisks (Lair:6)
  3 hogs (Swamp:1)
  18 humans
  2 fire bats
  2 fire elementals
  2 hungry ghosts
  3 steam dragons
  6 vampire mosquitoes
  13 insubstantial wisps
  9 water moccasins
  17 swamp worms
  12 wargs
  3 acid dragons
  16 hell hounds
  15 porcupines
  11 black bears
  15 orc warriors
  2 sky beasts (D:11)
  6 necrophages
  A hornet zombie (D:7)
  2 ice beasts
  19 swamp drakes
  13 ogres
  An eye of draining (D:11)
  2 slaves
  2 phantoms
  2 elephant zombies (Lair:3)
  15 wolves
  12 crocodiles
  9 centaurs
  13 bullfrogs
  2 earth elementals (Volcano)
  A wyvern zombie (D:14)
  3 big kobolds
  A wyvern skeleton (D:14)
  7 scorpions
  9 killer bees
  10 wights
  2 howler monkeys
  2 electric eels
  2 bullfrog zombies (D:12)
  6 crimson imps
  3 lava snakes (Volcano)
  30 orc priests
  3 centaur zombies
  6 hounds
  A basilisk zombie (Lair:3)
  3 jellies
  A gnoll shaman (D:6)
  A bullfrog skeleton (D:4)
  6 centaur skeletons
  5 iguanas
  10 worker ants
  Natasha (twice) (D:3)
  15 orc wizards
  2 crocodile zombies (Lair:3)
  2 hound skeletons
  10 gnolls
  20 adders
  An adder skeleton (D:8)
  3 worms
  2 dart slugs
  3 leopard geckos
  68 orcs
  A ball python (D:6)
  5 bats
  8 giant cockroaches
  3 hobgoblins
  5 jackals
  4 quokkas
  A ball python skeleton (D:5)
  7 frilled lizards
  4 goblins
  22 kobolds
  A leopard gecko skeleton (D:8)
  A quokka skeleton (D:7)
  A quokka zombie (D:5)
  8 rats
  4 plants (Lair:6)
849 creatures vanquished.

Vanquished Creatures (collateral kills)
  6 hydras
  A ghost crab (Swamp:3)
  A two-headed ogre (D:8)
  A centaur warrior (D:14)
  2 alligators
  Urug (D:14)
  5 swamp dragons
  A deep elf mage (D:7)
  The ghost of Susanna the Carver, a novice BaMo of Cheibriados (D:6)
  A black mamba (Lair:3)
  A centaur skeleton (D:15)
  A spiny frog (Swamp:4)
  A komodo dragon (Lair:6)
  A troll (D:15)
  2 polar bears (Lair:6)
  2 hornets
  4 blink frogs
  A hippogriff (Lair:5)
  5 dream sheep
  4 bog bodies
  4 slime creatures
  A spriggan (Swamp:4)
  2 shadows
  A wyvern (Lair:5)
  7 yaks
  A water elemental (D:14)
  2 basilisks
  Grum (Lair:1)
  A hungry ghost (D:14)
  5 vampire mosquitoes
  2 wargs (Lair:6)
  3 swamp worms
  An insubstantial wisp (Swamp:3)
  7 water moccasins
  7 porcupines
  A hell hound (D:12)
  4 swamp drakes
  3 orc warriors
  2 necrophages (Lair:4)
  2 black bears (Lair:6)
  A phantom (D:9)
  An ogre (Orc:2)
  3 wolves (Lair:1)
  4 crocodiles
  2 bullfrogs
  An earth elemental (Volcano)
  A scorpion (D:6)
  A wight (D:11)
  A hound (D:14)
  A crimson imp (D:6)
  An orc priest (Orc:1)
  An orc wizard (D:7)
  Jessica (D:3)
  A worker ant (D:8)
  A gnoll (D:6)
  An adder (D:11)
  An adder skeleton (D:6)
  A worm (D:4)
  8 orcs
  4 jackals
  A kobold (D:11)
  2 butterflies
  3 fungi
  A plant (Lair:6)
142 creatures vanquished.

Vanquished Creatures (others)
  An orc sorcerer (Orc:1)
  A komodo dragon (Lair:3)
  A dancing weapon (D:12)
  An iguana (Lair:6)
  An orc (D:4)
  A frilled lizard (D:4)
  2 bushes
  5 fire vortices
  12 fungi
  27 plants
  10 spectral weapons
62 creatures vanquished.

Grand Total: 1053 creatures vanquished

Notes
Turn   | Place    | Note
-------+----------+-------------------------------------------
     0 | D:1      | Reached skill level 10 in Fighting
     0 | D:1      | MordorOrchid the Gnoll Wanderer began the quest for the
                  | Orb.
     0 | D:1      | MordorOrchid set off with the following items: a +2 spear,
                  | 12 poisoned darts, a +0 dagger, a +0 robe, a ration; and
                  | the following spell memorised: Animate Skeleton; and the
                  | following spells available to memorise: Regeneration
     0 | D:1      | Reached XP level 1. HP: 28/28 MP: 4/4
   158 | D:1      | Reached XP level 2. HP: 36/36 MP: 5/5
   527 | D:2      | Reached XP level 3. HP: 42/42 MP: 7/7
   534 | D:2      | Learned a level 3 spell: Regeneration
   568 | D:2      | Found a blossoming altar of Fedhas.
   581 | D:2      | Reached skill level 1 in Invocations
   603 | D:2      | Found a stormy altar of Qazlal.
   674 | D:2      | Reached skill level 1 in Short Blades
   674 | D:2      | Reached skill level 1 in Long Blades
   674 | D:2      | Reached skill level 1 in Axes
   674 | D:2      | Reached skill level 1 in Maces & Flails
   674 | D:2      | Reached skill level 1 in Polearms
   674 | D:2      | Reached skill level 1 in Staves
   674 | D:2      | Reached skill level 1 in Slings
   674 | D:2      | Reached skill level 1 in Bows
   674 | D:2      | Reached skill level 1 in Crossbows
   674 | D:2      | Reached skill level 1 in Armour
   674 | D:2      | Reached skill level 1 in Dodging
   674 | D:2      | Reached skill level 1 in Stealth
   674 | D:2      | Reached skill level 1 in Unarmed Combat
   674 | D:2      | Reached skill level 1 in Evocations
   905 | D:3      | Reached XP level 4. HP: 47/48 MP: 8/8
   987 | D:3      | Noticed Jessica
  1150 | D:3      | Reached skill level 1 in Conjurations
  1150 | D:3      | Reached skill level 1 in Hexes
  1150 | D:3      | Reached skill level 1 in Charms
  1150 | D:3      | Reached skill level 1 in Necromancy
  1150 | D:3      | Reached skill level 1 in Translocations
  1150 | D:3      | Reached skill level 1 in Fire Magic
  1150 | D:3      | Reached skill level 1 in Ice Magic
  1150 | D:3      | Reached skill level 1 in Air Magic
  1150 | D:3      | Reached skill level 1 in Earth Magic
  1150 | D:3      | Reached skill level 1 in Poison Magic
  1261 | D:3      | Reached XP level 5. HP: 47/54 MP: 9/9
  1349 | D:3      | Killed Jessica
  1564 | D:3      | Noticed Natasha
  1571 | D:3      | Killed Natasha
  1601 | D:3      | Noticed Natasha
  1610 | D:3      | Killed Natasha
  1628 | D:4      | Noticed a slave
  1630 | D:4      | Noticed a slave
  1650 | D:3      | Killed a slave
  1684 | D:4      | Reached XP level 6. HP: 54/61 MP: 10/10
  1772 | D:4      | Noticed a slave
  1774 | D:4      | You fall into a shaft and drop 2 floors!
  1779 | D:6      | Noticed Grinder
  1881 | D:6      | Reached XP level 7. HP: 40/67 MP: 12/12
  1900 | D:6      | HP: 2/67 [orc/+0 trident (5)]
  1974 | D:6      | Found Qiruuf's Assorted Antiques.
  1987 | D:6      | Bought a scroll labeled FIECSI WAOCI for 35 gold pieces
  1987 | D:6      | Bought a ruby potion for 31 gold pieces
  2025 | D:6      | Found a runed translucent door.
  2025 | D:6      | Noticed Susanna's ghost (novice BaMo)
  2055 | D:6      | Killed Susanna's ghost
  2055 | D:6      | Reached XP level 8. HP: 34/74 MP: 10/14
  2088 | D:6      | Learned a level 3 spell: Tukima's Dance
  2126 | D:6      | Noticed a hippogriff
  2137 | D:5      | Entered Level 5 of the Dungeon
  2149 | D:5      | Found a staircase to the Ecumenical Temple.
  2157 | Temple   | Entered the Ecumenical Temple
  2280 | Temple   | Became a worshipper of Sif Muna the Loreminder
  2805 | D:4      | Noticed Pikel
  2818 | D:4      | Killed Pikel
  2989 | D:5      | Reached XP level 9. HP: 79/79 MP: 16/16
  2994 | D:5      | Learned a level 3 spell: Confuse
  3065 | D:5      | Reached skill level 11 in Fighting
  3324 | D:6      | Reached skill level 5 in Spellcasting
  3331 | D:5      | Reached * piety under Sif Muna
  3604 | D:6      | Bought 3 scrolls labeled FEMNOB HYNGOAS for 105 gold pieces
  3604 | D:6      | Bought a scroll labeled QYJIDU YDOIR for 35 gold pieces
  3651 | D:6      | Killed Grinder
  3651 | D:6      | Reached skill level 5 in Throwing
  3651 | D:6      | Reached skill level 5 in Shields
  3970 | D:7      | Reached skill level 5 in Invocations
  4081 | D:7      | Reached ** piety under Sif Muna
  4139 | D:7      | Reached XP level 10. HP: 84/88 MP: 18/18
  4354 | D:7      | Found a snail-covered altar of Cheibriados.
  4412 | D:7      | Reached skill level 5 in Short Blades
  4412 | D:7      | Reached skill level 5 in Long Blades
  4412 | D:7      | Reached skill level 5 in Axes
  4412 | D:7      | Reached skill level 5 in Maces & Flails
  4412 | D:7      | Reached skill level 5 in Polearms
  4412 | D:7      | Reached skill level 5 in Staves
  4412 | D:7      | Reached skill level 5 in Slings
  4412 | D:7      | Reached skill level 5 in Bows
  4412 | D:7      | Reached skill level 5 in Crossbows
  4412 | D:7      | Reached skill level 5 in Armour
  4412 | D:7      | Reached skill level 5 in Dodging
  4412 | D:7      | Reached skill level 5 in Stealth
  4412 | D:7      | Reached skill level 5 in Unarmed Combat
  4412 | D:7      | Reached skill level 5 in Evocations
  4618 | D:7      | Identified the +10 glaive "Jaat" {chop, *Corrode rC+ Str+3}
  4618 | D:7      | Noticed a deep elf mage
  4638 | D:7      | Killed a deep elf mage
  4910 | D:7      | Got a fine pewter amulet
  4914 | D:7      | Got a dazzling hand axe
  4930 | D:7      | Identified the +5 hand axe of Ytymeude {speed, rPois rF++
                  | Stlth-} (You found it on level 7 of the Dungeon)
  4934 | D:7      | Identified the amulet "Hes Ucon" {Gourm Str+4} (You found
                  | it on level 7 of the Dungeon)
  5186 | D:8      | Got a brightly glowing iron amulet
  5263 | D:8      | Identified the amulet of Meocorij {Inacc rN+ Dex+2} (You
                  | found it on level 8 of the Dungeon)
  5303 | D:8      | Noticed a two-headed ogre
  5304 | D:8      | Noticed a red ugly thing
  5330 | D:8      | Killed a red ugly thing
  5330 | D:8      | Reached skill level 5 in Summonings
  5330 | D:8      | Reached skill level 5 in Transmutations
  5392 | D:8      | Killed a two-headed ogre
  5392 | D:8      | Reached *** piety under Sif Muna
  5523 | D:8      | Found a white marble altar of Elyvilon.
  5524 | D:8      | Found an iron altar of Okawaru.
  5526 | D:8      | Found a sacrificial altar of Ru.
  5526 | D:8      | Found a hide-covered altar of Uskayaw.
  5530 | D:8      | Found an ornate altar of the Wu Jian Council.
  5750 | D:9      | Reached XP level 11. HP: 92/95 MP: 20/20
  5829 | D:9      | Found a glowing silver altar of Zin.
  5910 | D:9      | Learned a level 4 spell: Airstrike
  5948 | D:9      | Found a shadowy altar of Dithmenos.
  6022 | D:9      | Found a burning altar of Makhleb.
  6022 | D:9      | Found a runed translucent gate.
  6022 | D:9      | Noticed Titania's ghost (novice DrTm)
  6023 | D:9      | Found a runed translucent gate.
  6024 | D:9      | Found a runed translucent gate.
  6026 | D:9      | Identified the +7 halberd "Leuneb" {elec, +Rage Dex+5}
  6029 | D:9      | Found a roughly hewn altar of Beogh.
  6251 | D:9      | Killed Titania's ghost
  6251 | D:9      | Reached skill level 5 in Conjurations
  6251 | D:9      | Reached skill level 5 in Hexes
  6251 | D:9      | Reached skill level 5 in Charms
  6251 | D:9      | Reached skill level 5 in Necromancy
  6251 | D:9      | Reached skill level 5 in Translocations
  6251 | D:9      | Reached skill level 5 in Fire Magic
  6251 | D:9      | Reached skill level 5 in Ice Magic
  6251 | D:9      | Reached skill level 5 in Air Magic
  6251 | D:9      | Reached skill level 5 in Earth Magic
  6251 | D:9      | Reached skill level 5 in Poison Magic
  6373 | D:9      | Got a warped cloak
  6414 | D:10     | Entered Level 10 of the Dungeon
  6453 | D:10     | Reached **** piety under Sif Muna
  6639 | D:10     | Found a staircase to the Orcish Mines.
  6697 | D:10     | Noticed Psyche
  6705 | D:10     | Killed Psyche
  6709 | D:10     | Killed an unseen horror
  6709 | D:10     | Reached skill level 12 in Fighting
  6752 | D:10     | Noticed Nergalle
  6760 | D:10     | Killed Nergalle
  6886 | D:10     | Identified the cursed +0 cloak "Ogifawn" {rCorr Dex+2
                  | Stlth+} (You found it on level 9 of the Dungeon)
  6909 | D:10     | Learned a level 2 spell: Blink
  6913 | D:10     | Learned a level 3 spell: Mephitic Cloud
  7073 | D:11     | Found a staircase to the Lair.
  7083 | D:11     | Found an iron altar of Okawaru.
  7097 | D:11     | Reached XP level 12. HP: 90/102 MP: 23/23
  7405 | D:11     | Reached ***** piety under Sif Muna
  7653 | D:11     | Identified Dulaf's Handbook of Good Luck (Sif Muna gifted
                  | it to you on level 11 of the Dungeon)
  7653 | D:11     | Received a gift from Sif Muna
  7766 | D:12     | Noticed Azrael
  7788 | D:12     | Killed Azrael
  8052 | D:11     | Noticed a stone giant
  8052 | D:11     | Noticed a deep troll earth mage
  8052 | D:11     | Noticed a sphinx
  8090 | D:11     | Killed a deep troll earth mage
  8145 | D:11     | Noticed an iron troll
  8147 | D:11     | Noticed a stone giant
  8147 | D:11     | an iron troll changed into a stone giant
  8150 | D:11     | Noticed a catoblepas
  8150 | D:11     | a stone giant changed into a catoblepas
  8156 | D:11     | Killed a catoblepas
  8166 | D:11     | Killed a sphinx
  8313 | D:11     | Killed a stone giant
  8325 | D:11     | Reached XP level 13. HP: 100/109 MP: 20/25
  8451 | Lair:1   | Entered Level 1 of the Lair of Beasts
  8554 | Lair:1   | Learned a level 3 spell: Conjure Flame
  8665 | Lair:1   | Noticed Grum
  8682 | Lair:1   | Killed Grum
  9135 | Lair:2   | Found a staircase to the Swamp.
  9344 | Lair:2   | Identified Sif Muna's Handbook of the Arcane (Sif Muna
                  | gifted it to you on level 2 of the Lair of Beasts)
  9344 | Lair:2   | Received a gift from Sif Muna
  9429 | Lair:2   | Learned a level 5 spell: Borgnjor's Vile Clutch
  9430 | Swamp:1  | Entered Level 1 of the Swamp
  9606 | Swamp:1  | Noticed a thorn hunter
 10701 | Lair:3   | Noticed Gastronok
 10703 | Lair:3   | Noticed Prince Ribbit
 10721 | Lair:3   | Killed Prince Ribbit
 10721 | Lair:3   | Reached skill level 13 in Fighting
 10739 | Lair:3   | Killed Gastronok
 10750 | Lair:3   | Reached XP level 14. HP: 87/118 MP: 9/27
 11103 | Lair:4   | Identified Asmodeus's Volume of Flames and Creation (Sif
                  | Muna gifted it to you on level 4 of the Lair of Beasts)
 11103 | Lair:4   | Received a gift from Sif Muna
 11128 | Lair:4   | Found a hole to the Spider Nest.
 11489 | Lair:4   | Found the amulet of the Air {Inacc +Fly rElec EV+5 RMsl}
 11814 | Lair:5   | Found a dark tunnel.
 11826 | Volcano  | Entered a volcano
 11918 | Volcano  | Found a burning altar of Makhleb.
 11942 | Volcano  | Noticed a stone giant
 11947 | Volcano  | Killed a stone giant
 12378 | Lair:5   | Found a blossoming altar of Fedhas.
 12388 | Lair:5   | Found a runed translucent door.
 12389 | Lair:5   | Found a viscous altar of Jiyva.
 12389 | Lair:5   | Noticed an acid blob
 12394 | Lair:5   | Found a staircase to the Slime Pits.
 12655 | Lair:6   | Entered Level 6 of the Lair of Beasts
 12694 | Lair:5   | Reached skill level 10 in Invocations
 12888 | Lair:6   | Found a snail-covered altar of Cheibriados.
 13068 | Lair:6   | Identified Sif Muna's Collected Works on Shifting
                  | Intoxication (Sif Muna gifted it to you on level 6 of the
                  | Lair of Beasts)
 13068 | Lair:6   | Received a gift from Sif Muna
 13209 | Lair:6   | HP: 5/118 [wolf (4)]
 13483 | Lair:6   | Reached XP level 15. HP: 75/124 MP: 13/28
 13530 | Lair:6   | Reached skill level 10 in Spellcasting
 13673 | Lair:6   | Reached skill level 10 in Throwing
 13673 | Lair:6   | Reached skill level 10 in Shields
 14327 | Swamp:1  | Identified Sif Muna's Incunabulum of Entrancing Heat (Sif
                  | Muna gifted it to you on level 1 of the Swamp)
 14327 | Swamp:1  | Received a gift from Sif Muna
 14333 | Swamp:1  | Learned a level 3 spell: Spectral Weapon
 14342 | Swamp:1  | Noticed Aizul
 14355 | Swamp:1  | Killed Aizul
 14429 | Swamp:1  | Noticed Kirke
 14443 | Swamp:1  | Killed Kirke
 14639 | Swamp:2  | Reached skill level 10 in Short Blades
 14639 | Swamp:2  | Reached skill level 10 in Long Blades
 14639 | Swamp:2  | Reached skill level 10 in Axes
 14639 | Swamp:2  | Reached skill level 10 in Maces & Flails
 14639 | Swamp:2  | Reached skill level 10 in Polearms
 14639 | Swamp:2  | Reached skill level 10 in Staves
 14639 | Swamp:2  | Reached skill level 10 in Slings
 14639 | Swamp:2  | Reached skill level 10 in Bows
 14639 | Swamp:2  | Reached skill level 10 in Crossbows
 14639 | Swamp:2  | Reached skill level 10 in Armour
 14639 | Swamp:2  | Reached skill level 10 in Dodging
 14639 | Swamp:2  | Reached skill level 10 in Stealth
 14639 | Swamp:2  | Reached skill level 10 in Unarmed Combat
 14639 | Swamp:2  | Reached skill level 10 in Evocations
 14927 | Swamp:3  | Noticed Louise
 14933 | Swamp:3  | Killed Louise
 15251 | Swamp:4  | Entered Level 4 of the Swamp
 15411 | Swamp:4  | Reached skill level 10 in Earth Magic
 15457 | Swamp:4  | Reached skill level 14 in Fighting
 15535 | Swamp:3  | Reached XP level 16. HP: 105/133 MP: 16/30
 16030 | Swamp:4  | Identified Sif Muna's Almanac of Malediction (Sif Muna
                  | gifted it to you on level 4 of the Swamp)
 16030 | Swamp:4  | Received a gift from Sif Muna
 16251 | Swamp:4  | Noticed the 27-headed Lernaean hydra
 16257 | Swamp:4  | Killed the 27-headed Lernaean hydra
 16264 | Swamp:4  | Got a decaying rune of Zot
 16429 | Swamp:3  | Identified the +5 scale mail of the Old World {+Fly} (You
                  | found it on level 3 of the Swamp)
 16614 | Lair:1   | Learned a level 5 spell: Summon Forest
 16651 | Orc:1    | Entered Level 1 of the Orcish Mines
 16656 | Orc:1    | Noticed Erica
 16663 | Orc:1    | Killed Erica
 16676 | Orc:1    | Found Meikoibb's Gadget Emporium.
 16727 | Orc:1    | Bought a wand of digging (6) for 200 gold pieces
 17046 | Orc:2    | Entered Level 2 of the Orcish Mines
 17156 | Orc:2    | Found a staircase to the Elven Halls.
 17572 | Orc:2    | Found Sugeurat's Magic Scroll Shop.
 17572 | Orc:2    | Found Woinn's Assorted Antiques.
 17620 | Orc:2    | Bought a scroll of teleportation for 45 gold pieces
 17620 | Orc:2    | Bought a scroll of teleportation for 45 gold pieces
 17620 | Orc:2    | Bought a scroll of fog for 30 gold pieces
 17620 | Orc:2    | Bought a scroll of immolation for 52 gold pieces
 17651 | Orc:2    | Found a roughly hewn altar of Beogh.
 17700 | Orc:2    | Found Byehettu's Magic Scroll Shoppe.
 17700 | Orc:2    | Found Bilaghin's Weapon Shop.
 17736 | Orc:2    | Bought a scroll of fog for 20 gold pieces
 17736 | Orc:2    | Bought a scroll of fear for 35 gold pieces
 17736 | Orc:2    | Bought a scroll of fog for 20 gold pieces
 17736 | Orc:2    | Bought a scroll of blinking for 75 gold pieces
 17869 | Orc:2    | Bought a scroll of identify for 20 gold pieces
 17869 | Orc:2    | Bought a scroll of magic mapping for 35 gold pieces
 17869 | Orc:2    | Bought a scroll of enchant weapon for 75 gold pieces
 17869 | Orc:2    | Bought a scroll of magic mapping for 35 gold pieces
 17913 | Orc:2    | Bought a scroll of enchant weapon for 112 gold pieces
 17913 | Orc:2    | Bought a scroll of identify for 30 gold pieces
 17913 | Orc:2    | Bought a scroll of enchant weapon for 112 gold pieces
 17913 | Orc:2    | Bought a scroll of identify for 30 gold pieces
 17913 | Orc:2    | Bought a scroll of identify for 30 gold pieces
 17926 | Orc:2    | Bought a potion of heal wounds for 110 gold pieces
 17926 | Orc:2    | Bought a wand of iceblast (8) for 88 gold pieces
 17926 | Orc:2    | Bought a scroll of fear for 77 gold pieces
 17926 | Orc:2    | Bought 3 scrolls of teleportation for 198 gold pieces
 17926 | Orc:2    | Bought 2 scrolls of enchant armour for 330 gold pieces
 17926 | Orc:2    | Bought a scroll of immolation for 77 gold pieces
 17944 | Orc:1    | Bought a sack of spiders for 200 gold pieces
 17944 | Orc:1    | Bought a wand of enslavement (7) for 90 gold pieces
 17944 | Orc:1    | Bought a wand of polymorph (9) for 110 gold pieces
 18216 | D:12     | Identified Sif Muna's Catalogue of the Doomed Escort (Sif
                  | Muna gifted it to you on level 12 of the Dungeon)
 18216 | D:12     | Received a gift from Sif Muna
 18354 | D:13     | You fall into a shaft and drop 2 floors!
 18354 | D:15     | Entered Level 15 of the Dungeon
 18397 | D:15     | Reached XP level 17. HP: 124/140 MP: 32/32
 18442 | D:15     | Found Lawea's Antique Armour Shoppe.
 18448 | D:15     | Found Yhemaukoiq's Book Shop.
 18475 | D:15     | Found a hazy altar of Hepliaklqana.
 18601 | D:14     | Noticed Urug
 18602 | D:14     | Found a gate to the Vaults.
 18603 | D:14     | Noticed Rupert
 18609 | D:14     | Killed Rupert
 18609 | D:14     | Killed Urug
 19011 | D:13     | Noticed Josephine
 19037 | D:13     | Killed Josephine
 19047 | D:13     | Found Dolleopp's Jewellery Emporium.
 19064 | D:13     | Bought a cursed -2 ring of slaying for 28 gold pieces
 19236 | D:13     | Noticed Frances
 19258 | D:13     | Slain by Frances

Levels and vault maps discovered:
D:1:      minmay_arrival_three_doors, layout_basic
D:2:      layout_rooms, grunt_temple_overflow_forces_of_nature, first_ration
D:3:      layout_rooms, moated_statue, kennysheep_jessica_study, uniq_natasha
D:4:      layout_loops_cross, uniq_pikel
D:5:      layout_basic, minmay_temple_entry_large_hall, minmay_misc_feat_encased
D:6:      lemuel_ice_spiral_2, layout_basic, serial_shops, shop,
          ebering_ghost_inner_flame, lightli_orcish_oven, uniq_grinder
D:7:      minmay_the_grid_triangle_9x9_rhombus_thin
          [minmay_the_grid_triangle_9x9_sprig,
          minmay_the_grid_triangle_9x9_prize_insulated,
          minmay_the_grid_triangle_9x9_windchime,
          minmay_the_grid_triangle_9x9_impossible_snake], layout_cave_pools,
          old_standard_altar, serial_rivers, chequers_serial_rivers_room_a,
          chequers_serial_rivers_micro_b, chequers_serial_rivers_micro_e,
          chequers_serial_rivers_small_b, the_bakery
D:8:      layout_basic, grunt_temple_overflow_open, serial_shops, shop,
          wad_floor_pattern_2, minmay_alternating_orb
D:9:      layout_rooms, nicolae_dithmenos_the_darkroom, lemuel_crystal_altar,
          lemuel_round_altar, biasface_ghost_orc_armoury
D:10:     layout_loops_ring, orc_0_dummy, uniq_nergalle, uniq_psyche
D:11:     minmay_klotski, layout_irregular_city, lair_entry_dummy,
          okawaru_humans
D:12:     layout_rooms, uniq_fannar, uniq_azrael
D:13:     layout_long_grid, serial_shops, shop, uniq_frances, uniq_josephine
D:14:     due_megacathedral, layout_basic, david_vaults_3, nicolae_water_bricks
D:15:     grunt_enter_depths_snipers, layout_gridville, serial_shops, shop,
          shop_statue, shop, shop, nicolae_shop_window_shopping,
          lemuel_coloured_pillars_altar, minmay_ruined_shrine
Temple:   minmay_temple_curvy_loop
Lair:1:   layout_cave_pods, chequers_serial_rivers_micro_b, beast_lair_carwin_1,
          uniq_grum
Lair:2:   layout_cave_pods, minmay_swamp_entry_reptiles,
          eino_small_chamber_without_monster
Lair:3:   pond_and_an_island_with_a_cottage, layout_regular_city, st_stairs_6,
          beast_lair_carwin_8, lemuel_fruit_fields, serial_bayou_shore_b,
          uniq_prince_ribbit2, uniq_gastronok
Lair:4:   layout_cave_pods, dummy_spider_entry, serial_bayou_lagoon_a,
          chequers_serial_rivers_micro_c, roderic_carrion_pond
Lair:5:   layout_cave_pods, slime_altar_2, basic_altar, enter_volcano_4,
          lemuel_fruit_tree, lemuel_fruit_fields, infiniplex_staircase_pool_2,
          grunt_megastairs_3
Lair:6:   guppyfry_lair_end_dragon, layout_cave_shapes,
          hangedman_lair_caniforms_friends, minivault_26, st_stairs_9,
          kennysheep_snail_temple
Swamp:1:  layout_falls_marsh, evilmike_swamp_ruin_rubble_2, uniq_kirke,
          uniq_aizul
Swamp:2:  layout_falls_marsh, nicolae_swamp_dense_foliage, swamp_pool3,
          infiniplex_staircase_pool
Swamp:3:  layout_basic_swamp, evilmike_swamp_ruin_house_4, uniq_louise
Swamp:4:  grunt_swamp_rune_castle, layout_basic_swamp, swamp_pool2
Orc:1:    layout_caves, serial_shops, shop, uniq_erica
Orc:2:    st_orc_town, layout_caves, uniq_urug

Skill      XL: |  1  2  3  4  5  6  7  8  9 10 11 12 13 14 15 16 17 |
---------------+----------------------------------------------------+-----
Fighting       | 11 12 13 14 | 14.7
Summonings     | 2 3 4 5 6 7 8 9 |  9.9
Transmutations | 2 3 4 5 6 7 8 9 |  9.9
Invocations    | 1 2 3 4 5 6 7 8 9 10 11 12 | 12.2
Short Blades   | 1 2 3 4 5 6 7 8 9 10 11 | 11.3
Long Blades    | 1 2 3 4 5 6 7 8 9 10 11 | 11.3
Axes           | 1 2 3 4 5 6 7 8 9 10 11 | 11.3
Maces & Flails | 1 2 3 4 5 6 7 8 9 10 11 | 11.3
Polearms       | 1 2 3 4 5 6 7 8 9 10 11 | 11.3
Staves         | 1 2 3 4 5 6 7 8 9 10 11 | 11.3
Slings         | 1 2 3 4 5 6 7 8 9 10 11 | 11.3
Bows           | 1 2 3 4 5 6 7 8 9 10 11 | 11.3
Crossbows      | 1 2 3 4 5 6 7 8 9 10 11 | 11.3
Armour         | 1 2 3 4 5 6 7 8 9 10 11 | 11.3
Dodging        | 1 2 3 4 5 6 7 8 9 10 11 | 11.3
Stealth        | 1 2 3 4 5 6 7 8 9 10 11 | 11.3
Unarmed Combat | 1 2 3 4 5 6 7 8 9 10 11 | 11.3
Evocations     | 1 2 3 4 5 6 7 8 9 10 11 | 11.3
Spellcasting   | 3 4 5 6 7 8 9 10 11 | 11.7
Conjurations   | 1 2 3 4 5 6 7 8 9 |  9.7
Hexes          | 1 2 3 4 5 6 7 8 9 |  9.7
Charms         | 1 2 3 4 5 6 7 8 9 |  9.7
Necromancy     | 1 2 3 4 5 6 7 8 9 |  9.7
Translocations | 1 2 3 4 5 6 7 8 9 |  9.7
Fire Magic     | 1 2 3 4 5 6 7 8 9 |  9.7
Ice Magic      | 1 2 3 4 5 6 7 8 9 |  9.7
Air Magic      | 1 2 3 4 5 6 7 8 9 |  9.7
Earth Magic    | 1 2 3 4 5 6 7 8 10 11 | 11.5
Poison Magic   | 1 2 3 4 5 6 7 8 9 |  9.7
Throwing       | 3 4 5 6 7 8 9 10 11 | 11.6
Shields        | 3 4 5 6 7 8 9 10 11 | 11.6

Action                   |  1- 3 |  4- 6 |  7- 9 | 10-12 | 13-15 | 16-18 || total
-------------------------+-------+-------+-------+-------+-------+-------++-------
Melee: Spear             |    99 |   130 |    92 |       |       |       ||   321
       Bite              |     8 |    17 |    55 |    58 |    97 |    41 ||   276
       Punch             |     1 |     1 |     8 |     2 |     2 |       ||    14
       Dagger            |       |    32 |   236 |    76 |       |       ||   344
       Glaive            |       |       |       |   424 |   765 |   419 ||  1608
       Hand axe          |       |       |       |       |    68 |    13 ||    81
 Fire: Shortbow          |       |       |       |     3 |       |       ||     3
Throw: Dart              |    20 |    22 |    10 |     2 |       |     1 ||    55
       Boomerang         |       |       |       |    74 |   193 |    66 ||   333
       Javelin           |       |       |       |       |     4 |     1 ||     5
       Throwing net      |       |       |       |       |     1 |       ||     1
 Cast: Animate Skeleton  |       |     7 |    18 |    53 |   152 |   102 ||   332
       Regeneration      |       |     2 |     9 |    17 |    46 |     9 ||    83
       Confuse           |       |       |    15 |    28 |     9 |       ||    52
       Tukima's Dance    |       |       |     1 |    14 |       |       ||    15
       Mephitic Cloud    |       |       |       |     3 |    19 |     9 ||    31
       Borgnjor's Vile C |       |       |       |       |    51 |    27 ||    78
       Conjure Flame     |       |       |       |       |    11 |     2 ||    13
       Blink             |       |       |       |       |     2 |     7 ||     9
       Death's Door      |       |       |       |       |     1 |       ||     1
       Spectral Weapon   |       |       |       |       |    13 |    34 ||    47
       Fire Storm        |       |       |       |       |     2 |     4 ||     6
       Airstrike         |       |       |       |       |       |     3 ||     3
       Summon Forest     |       |       |       |       |       |     1 ||     1
Invok: Divine Exegesis   |       |       |       |       |     3 |     4 ||     7
       Channel Magic     |       |       |       |       |       |     1 ||     1
 Abil: Evoke Berserk Rag |       |       |       |     2 |       |       ||     2
Evoke: Wand              |       |       |     2 |     4 |    25 |     9 ||    40
       Phial of floods   |       |       |       |       |     1 |       ||     1
       Lamp of fire      |       |       |       |       |       |     1 ||     1
  Use: Scroll            |     3 |       |    11 |    17 |    12 |     8 ||    51
       Potion            |       |       |     1 |     1 |     4 |     1 ||     7
 Stab: Sleeping          |     3 |     2 |     7 |    15 |    17 |    23 ||    67
       Confused          |       |       |     6 |    10 |    29 |     5 ||    50
       Distracted        |       |       |       |     3 |    11 |     3 ||    17
       Petrified         |       |       |       |     6 |       |       ||     6
       Petrifying        |       |       |       |     2 |       |       ||     2
       Paralysed         |       |       |       |       |     2 |       ||     2
       Held in net/web   |       |       |       |       |     1 |       ||     1
  Eat: Chunk             |       |     4 |     9 |    28 |    34 |    15 ||    90
       Ration            |       |       |       |       |     2 |     2 ||     4
Armor: Robe              |     8 |       |       |       |       |       ||     8
       Acid dragon scale |    26 |    55 |   121 |   203 |   350 |    27 ||   782
       Chain mail        |       |       |       |       |     9 |       ||     9
       Swamp dragon scal |       |       |       |       |       |    86 ||    86
Dodge: Dodged            |    45 |    71 |   220 |   365 |   824 |   259 ||  1784

Table legend:
 A = Non-vault XP
 B = Vault XP
 C = Vault XP percentage of total XP
 D = Non-vault monster count
 E = Vault monster count
 F = Vault count percentage of total count
                 A         B        C        D         E       F
            +---------+---------+-------+---------+---------+-------
      Total |  118635 |   91946 |  43.7 |     650 |     332 |  33.8
            +---------+---------+-------+---------+---------+-------
        D:1 |      30 |       0 |   0.0 |      20 |       0 |   0.0
        D:2 |      55 |       0 |   0.0 |      19 |       0 |   0.0
        D:3 |     155 |      51 |  24.8 |      24 |       3 |  11.1
        D:4 |     461 |     629 |  57.7 |      14 |       1 |   6.7
        D:5 |     169 |       0 |   0.0 |       8 |       0 |   0.0
        D:6 |    1453 |    1106 |  43.2 |      33 |      11 |  25.0
        D:7 |    1079 |    1209 |  52.8 |      22 |       7 |  24.1
        D:8 |    1539 |    1042 |  40.4 |      14 |      12 |  46.2
        D:9 |    2271 |    1229 |  35.1 |      22 |      12 |  35.3
       D:10 |    4496 |    1236 |  21.6 |      35 |       2 |   5.4
       D:11 |    2590 |    7860 |  75.2 |      30 |      20 |  40.0
       D:12 |    4520 |    1889 |  29.5 |      16 |       6 |  27.3
       D:13 |    3363 |    1665 |  33.1 |      25 |       4 |  13.8
       D:14 |   10320 |    7776 |  43.0 |      26 |      20 |  43.5
       D:15 |    5593 |    3162 |  36.1 |      14 |       7 |  33.3
     Lair:1 |    2485 |    1125 |  31.2 |      10 |      10 |  50.0
     Lair:2 |    2583 |     482 |  15.7 |      18 |       4 |  18.2
     Lair:3 |    3518 |    6483 |  64.8 |      17 |      21 |  55.3
     Lair:4 |    6542 |     641 |   8.9 |      25 |       7 |  21.9
     Lair:5 |    6007 |    1450 |  19.4 |      25 |       4 |  13.8
     Lair:6 |    9535 |   15660 |  62.2 |      37 |      75 |  67.0
    Swamp:1 |    9499 |    4315 |  31.2 |      32 |       5 |  13.5
    Swamp:2 |   10502 |       0 |   0.0 |      36 |       0 |   0.0
    Swamp:3 |    8208 |    1772 |  17.8 |      24 |       2 |   7.7
    Swamp:4 |   13956 |   19253 |  58.0 |      40 |      31 |  43.7
      Orc:1 |    3449 |     912 |  20.9 |      31 |       1 |   3.1
      Orc:2 |    4257 |    7664 |  64.3 |      33 |      55 |  62.5
    Volcano |       0 |    3335 | 100.0 |       0 |      12 | 100.0
            +---------+---------+-------+---------+---------+-------
